 Dungeon Crawl Stone Soup version 0.29.1-1-gd02db6906a (webtiles) character file.

Game seed: 3691592189204854331

90 Earthwalker the Covered (level 4, -1/40 (41) HPs)
             Began as a Minotaur Fighter on Oct 7, 2022.
             Slain by Crazy Yiuf
             ... wielding a +2 quarterstaff of chaos
              (8 damage)
             ... on level 2 of the Dungeon.
             The game lasted 00:08:18 (2476 turns).

Earthwalker the Covered (Minotaur Fighter)          Turns: 2476, Time: 00:08:19

HP:   -1/40 (41)    AC: 10    Str: 21    XL:     4   Next: 32%
MP:   3/3           EV:  7    Int:  5    God:
Gold: 72            SH:  4    Dex: 11    Spells: 3/3 levels left

rFire   . . .      SeeInvis .   h - +1 spear
rCold   . . .      Faith    .   c - +0 buckler
rNeg    . . .      Spirit   .   k - +1 chain mail
rPois   .          Reflect  .   (helmet restricted)
rElec   .          Harm     +   t - scarf {harm}
rCorr   .          Rampage  .   (no gloves)
Will    +....                   (no boots)
Stlth   ..........              e - amulet of the acrobat
HPRegen 0.13/turn               i - ring of willpower
MPRegen 0.08/turn               g - ring of wizardry

@: lethally poisoned (-1 -> -13), lightly drained
A: horns 2, retaliatory headbutt
a: no special abilities


You were on level 2 of the Dungeon.
You visited 1 branch of the dungeon, and saw 2 of its levels.

You collected 72 gold pieces.

Inventory:

Hand Weapons
 h - a +1 spear (weapon)
Armour
 c - a +0 buckler (worn)
 k - a +1 chain mail (worn)
 t - a scarf of harm (worn)
Jewellery
 e - an amulet of the acrobat (around neck)
 g - a ring of wizardry (right hand)
 i - a ring of willpower (left hand)
Wands
 o - a wand of polymorph (11)
Scrolls
 j - a scroll of blinking
 p - 2 scrolls of identify
 q - a scroll of teleportation
Potions
 d - 2 potions of might
 m - a potion of brilliance
 r - a potion of degeneration {unknown}
 s - a potion of mutation {unknown}


   Skills:
 * Level 4.3 Fighting
 * Level 3.3 Polearms
 * Level 4.4 Armour
 * Level 1.1 Dodging
 * Level 4.2 Shields


You had 3 spell levels left.
You didn't know any spells.
Your spell library contained the following spells:

 Spells                   Type           Power      Damage    Failure   Level
 Magic Dart               Conj           0%         1d3       91%         1
 Slow                     Hex            0%         N/A       91%         1
 Call Imp                 Summ           0%         N/A       97%         2
 Confusing Touch          Hex            0%         N/A       99%         3
 Gell's Gravitas          Tloc           0%         N/A       99%         3
 Mephitic Cloud           Conj/Pois/Air  0%         N/A       99%         3
 Portal Projectile        Hex/Tloc       0%         N/A       99%         3
 Stone Arrow              Conj/Erth      0%         3d7       99%         3
 Teleport Other           Tloc           0%         N/A       99%         3
 Tukima's Dance           Hex            0%         N/A       99%         3
 Vampiric Draining        Necr           0%         2d6       99%         3
 Animate Armour           Summ/Erth      0%         N/A       100%        4
 Blade Hands              Tmut           0%         N/A       100%        5
 Dispersal                Tloc           0%         N/A       100%        6
 Lehudib's Crystal Spear  Conj/Erth      0%         10d2      100%        8


Dungeon Overview and Level Annotations

Branches:
Dungeon (2/15)

Altars:

Shops:
D:2 =

Annotations:
D:2 Crazy Yiuf


Innate Abilities, Weirdness & Mutations

You have a pair of horns on your head.
You reflexively headbutt those who attack you in melee.


Message History

There is an escape hatch in the ceiling here.
There is an escape hatch in the floor here.
Could not explore, unopened runed door.
You open the door.
Crazy Yiuf flaps his cloak.
Crazy Yiuf closely misses you.
There is an open translucent door here.
You hit Crazy Yiuf.
Crazy Yiuf is lightly wounded.
Crazy Yiuf hits you but does no damage.
You feel drained.
You hit Crazy Yiuf.
Crazy Yiuf is moderately wounded.
Crazy Yiuf hits you with a +2 quarterstaff of chaos.
You hit Crazy Yiuf. Your headbutt misses Crazy Yiuf.
Crazy Yiuf is heavily wounded.
Crazy Yiuf barely misses you.
You hit Crazy Yiuf.
Crazy Yiuf is almost dead.
Crazy Yiuf hits you with a +2 quarterstaff of chaos!
You blink.
You hit Crazy Yiuf.
Crazy Yiuf is almost dead.
Crazy Yiuf hits you with a +2 quarterstaff of chaos.
You are poisoned.
You closely miss Crazy Yiuf. Your headbutt misses Crazy Yiuf.
Crazy Yiuf is almost dead.
You feel sick. Crazy Yiuf hits you but does no damage.
You are more poisoned.
You closely miss Crazy Yiuf.
Crazy Yiuf is almost dead.
You feel very sick.
Crazy Yiuf hits you with a +2 quarterstaff of chaos!
* * * LOW HITPOINT WARNING * * *
You are lethally poisoned!
You barely miss Crazy Yiuf.
Crazy Yiuf is almost dead.
* * * LOW HITPOINT WARNING * * *
You feel very sick.
Crazy Yiuf hits you with a +2 quarterstaff of chaos!
You die...

...## #.# #........###
..#.#############.#
#.##..######
.###............#.####.##..#
#
..#..............#.....##..#
##......#################..#
###........# #.....# #
#...<.#### ##### #####.# #
##...## #..)# #####.###### #
##.## #.@.# #........... #
#.# #.g.# #####.###.## # #.#
##'## #####.# #.# # #.######
♣♣.♣ #.....# #.#
#####......# ♣.♣♣
#########.# #.......####
♣♣.♣ #..# #######.# ♣.♣♣
#.## #.# ♣♣.♣♣ #.# #.#
♣...♣♣ #.#


You could see Crazy Yiuf.

Vanquished Creatures
  Terence (D:2)
  Robin (D:2)
  A worm (D:2)
  A dart slug (D:1)
  A ball python (D:2)
  6 endoplasms
  3 giant cockroaches
  12 goblins
  4 hobgoblins
  4 kobolds
  2 quokkas
  3 bats
  5 frilled lizards
  2 rats (D:1)
46 creatures vanquished.

Notes
Turn   | Place    | Note
-------+----------+-------------------------------------------
     0 | D:1      | Earthwalker the Minotaur Fighter began the quest for the
                  | Orb.
     0 | D:1      | Reached XP level 1. HP: 19/19 MP: 0/0
   284 | D:1      | Found a faded altar of an unknown god.
   469 | D:1      | Reached XP level 2. HP: 27/27 MP: 1/1
  1334 | D:2      | Found Hicvoro's Jewellery Shoppe.
  1397 | D:2      | Noticed Robin
  1410 | D:2      | Reached XP level 3. HP: 31/33 MP: 2/2
  1412 | D:2      | Killed Robin
  1428 | D:2      | Reached skill level 1 in Dodging
  1610 | D:2      | Noticed Terence
  1627 | D:2      | Killed Terence
  1628 | D:2      | Reached XP level 4. HP: 19/40 MP: 3/3
  2241 | D:2      | Found a runed translucent door.
  2242 | D:2      | Noticed Crazy Yiuf
  2476 | D:2      | Slain by Crazy Yiuf

Illustrated notes

Levels and vault maps discovered:
D:1:      minmay_arrival_plants_in_alcoves, layout_loops_ring,
          hellmonk_ecumenical_altar_crossroads
D:2:      layout_loops_ring, serial_shops, nicolae_square_shop,
          kennysheep_cross_room, minmay_misc_feat_iff, uniq_crazy_yiuf_cottage,
          uniq_terence, uniq_robin

Skill      XL: |  1  2  3 |
---------------+----------+-----
Armour         | 4 |  4.4
Fighting       | 4 |  4.3
Shields        | 4 |  4.2
Dodging        | 1 |  1.1
Polearms       | 3 |  3.3

Action                   |  1- 3 |  4- 6 || total
-------------------------+-------+-------++-------
Melee: Spear             |    85 |    30 ||   115
       Trident           |     2 |       ||     2
       Headbutt          |    14 |     2 ||    16
  Use: Scroll            |     4 |     2 ||     6
Armor: Scale mail        |     3 |       ||     3
       Chain mail        |    16 |     4 ||    20
Dodge: Dodged            |    44 |    11 ||    55
Block: Buckler           |     8 |     6 ||    14
